 Dungeon Crawl Stone Soup version 0.23.1-41-g7e51ed3 (webtiles) character file.

Game seed: 17640080396475023421

213485 Borgoz the Covert (level 18, -13/115 HPs)
             Began as a Gargoyle Gladiator on Mar 29, 2019.
             Was the Champion of Ashenzari.
             Blown up by an orb spider (37 damage)
             ... with an orb of destruction
             ... on level 4 of the Spider Nest.
             The game lasted 01:59:58 (46171 turns).

Borgoz the Covert (Gargoyle Gladiator)             Turns: 46171, Time: 01:59:58

Health: -13/115    AC: 37    Str: 25 (27) XL:     18   Next: 96%
Magic:  0/28       EV: 27    Int: 14      God:    Ashenzari [******]
Gold:   1607       SH:  0    Dex: 25      Spells: 22/31 levels left

rFire    + + .     SeeInvis +   a - +7 short sword of Nenwel {venom, +Rage Dex+4 Stlth+} (curse)
rCold    . . .     Gourm    .   (no shield)
rNeg     + . .     Faith    .   s - +4 ring mail of the Imp {rF+ SInv Stlth+} (curse)
rPois    ∞         Spirit   +   j - +2 hat of Relativism {+Blink rCorr Int+3 Slay+4} (curse)
rElec    +         Reflect  .   D - +2 cloak of Ruebirin {rElec MR+}
rCorr    +         Harm     .   r - +2 pair of gloves
MR       ++...     Clarity  +   q - +0 pair of boots of Greed {Str+7 Dex+2 SInv} (curse)
Stlth    ++++++++..             O - amulet of guardian spirit (curse)
HPRegen  0.29/turn              k - +4 ring of dexterity
MPRegen  0.21/turn              T - ring of protection from fire

@: berserk cooldown, flying
A: big wings, negative energy resistance 1, electricity resistance, unbreathing,
petrification resistance, rot immunity, AC +13
}: 1/15 runes: barnacled
a: Stop Flying, Curse Item, Scrying, Transfer Knowledge, Renounce Religion,
Evoke Blink, Evoke Berserk Rage


You were on level 4 of the Spider Nest.
You worshipped Ashenzari.
Ashenzari was exalted by your worship.
You were not hungry.

You visited 7 branches of the dungeon, and saw 33 of its levels.
You visited the Abyss 1 time.
You also visited: Ossuary, Gauntlet and Volcano.

You collected 3828 gold pieces.
You spent 2221 gold pieces at shops.

Inventory:

Hand Weapons
 a - the cursed +7 short sword of Nenwel (weapon) {venom, +Rage Dex+4 Stlth+}
   (You found it on level 10 of the Dungeon)

   It poisons the flesh of those it strikes.
   It affects your dexterity (+4).
   It lets you go berserk.
   It makes you more stealthy.
   It has a curse placed upon it.
 b - a +5 quick blade of freezing
 u - a +3 rapier of electrocution
Missiles
 t - 12 throwing nets (quivered)
 K - 123 tomahawks
 N - 26 javelins
Armour
 i - a +0 cloak of invisibility
 j - the cursed +2 hat of Relativism (worn) {+Blink rCorr Int+3 Slay+4}
   (You found it in a Gauntlet)

   It affects your intelligence (+3).
   It affects your accuracy and damage with ranged weapons and melee attacks
   (+4).
   It lets you blink.
   It provides partial protection from all sources of acid and corrosion.
   It has a curse placed upon it.
 q - the cursed +0 pair of boots of Greed (worn) {Str+7 Dex+2 SInv}
   (You found it on level 6 of the Lair of Beasts)

   It affects your strength (+7).
   It affects your dexterity (+2).
   It lets you see invisible.
   It has a curse placed upon it.
 r - a +2 pair of gloves (worn)
 s - the cursed +4 ring mail of the Imp (worn) {rF+ SInv Stlth+}
   (You found it on level 11 of the Dungeon)

   It protects you from fire.
   It lets you see invisible.
   It makes you more stealthy.
   It has a curse placed upon it.
 D - the +2 cloak of Ruebirin (worn) {rElec MR+}
   (You bought it in a shop on level 10 of the Dungeon)

   It insulates you from electricity.
   It affects your resistance to hostile enchantments.
Jewellery
 k - a +4 ring of dexterity (left hand)
 m - an uncursed ring of ice
 O - a cursed amulet of guardian spirit (around neck)
 T - a ring of protection from fire (right hand)
Wands
 c - a wand of iceblast (21)
 l - a wand of paralysis (11)
 w - a wand of random effects (2)
 B - a wand of flame (25)
 E - a wand of polymorph (5)
 F - a wand of enslavement (3)
 M - a wand of digging (12)
 P - a wand of disintegration (17)
 W - a wand of acid (3)
 X - a wand of clouds (3)
Scrolls
 d - 10 scrolls of identify
 h - 15 scrolls of remove curse
 o - 3 scrolls of fear
 p - 17 scrolls of teleportation
 v - 3 scrolls of summoning
 y - 3 scrolls of silence
 z - 8 scrolls of blinking
 G - 6 scrolls of magic mapping
Potions
 e - 2 potions of agility
 g - a potion of magic
 n - 6 potions of haste
 A - 3 potions of curing
 C - 5 potions of berserk rage
 H - 2 potions of resistance
 I - 2 potions of heal wounds
 J - a potion of might
 L - a potion of brilliance
 U - 3 potions of cancellation
Comestibles
 f - 40 rations
 x - 3 chunks of flesh


   Skills:
 + Level 13.4 Fighting
 + Level 12.7(16.8) Short Blades
 - Level 5.0 Throwing
 + Level 14.1(16.7) Armour
 + Level 13.3(15.9) Dodging
 + Level 14.2 Stealth
 - Level 7.0 Spellcasting
 + Level 6.0 Hexes
 - Level 5.0 Charms
 - Level 3.0 Necromancy
 - Level 3.0 Translocations
 + Level 8.8 Evocations


You had 22 spell levels left.
You knew the following spells:

 Your Spells              Type           Power        Failure   Level  Hunger
a - Confusing Touch       Hex            ###...       1%          1    None
b - Blink                 Tloc           N/A          9%          2    #......
c - Regeneration          Chrm/Necr      ###.......   11%         3    ##.....
d - Confuse               Hex            ###.....     4%          3    ##.....

Your spell library contained the following spells:

 Spells                   Type           Power        Failure   Level  Hunger
 Infusion                 Chrm           ###.         2%          1    None
 Slow                     Hex            ###.....     2%          2    #......
 Song of Slaying          Chrm           ###.....     3%          2    #......
 Shroud of Golubria       Chrm/Tloc      ###.......   5%          2    #......
 Spectral Weapon          Hex/Chrm       ###.....     6%          3    ##.....
 Corpse Rot               Necr           N/A          9%          2    #......
 Gell's Gravitas          Tloc           ##........   16%         3    ##.....
 Lesser Beckoning         Tloc           ##........   16%         3    ##.....
 Teleport Other           Tloc           ##......     16%         3    ##.....
 Beastly Appendage        Tmut           #.....       19%         1    None
 Magic Dart               Conj           #...         19%         1    None
 Sting                    Conj/Pois      #...         19%         1    None
 Call Imp                 Summ           #.......     28%         2    #......
 Poisonous Vapours        Pois/Air       #.....       28%         2    #......
 Sticks to Snakes         Tmut           #.......     28%         2    #......
 Leda's Liquefaction      Hex/Erth       ##........   47%         4    ####...
 Passage of Golubria      Tloc           N/A          47%         4    ####...
 Conjure Flame            Conj/Fire      #.......     50%         3    ##.....
 Mephitic Cloud           Conj/Pois/Air  #.......     50%         3    ##.....
 Spider Form              Tmut/Pois      #.........   50%         3    ##.....
 Stone Arrow              Conj/Erth      #.....       50%         3    ##.....
 Metabolic Englaciation   Hex/Ice        ##........   83%         5    ######.
 Yara's Violent Unravell  Hex/Tmut       ##........   83%         5    ######.
 Ice Form                 Ice/Tmut       #.......     88%         4    ####...
 Olgreb's Toxic Radiance  Pois           #.......     88%         4    ####...
 Petrify                  Tmut/Erth      #.......     88%         4    ####...
 Iskenderun's Battlesphe  Conj/Chrm      ##......     88%         5    ######.
 Summon Forest            Summ/Tloc      #.........   95%         5    ######.
 Blade Hands              Tmut           #.........   99%         5    ######.
 Bolt of Magma            Conj/Fire/Erth #.........   99%         5    ######.
 Venom Bolt               Conj/Pois      #.........   99%         5    ######.
 Bolt of Cold             Conj/Ice       #.........   100%        6    #######
 Freezing Cloud           Conj/Ice/Air   #.........   100%        6    #######
 Hydra Form               Tmut           #.........   100%        6    #######
 Iron Shot                Conj/Erth      #.........   100%        6    #######
 Ozocubu's Refrigeration  Ice            #.........   100%        6    #######
 Simulacrum               Ice/Necr       #.........   100%        6    #######
 Orb of Destruction       Conj           #.........   100%        7    #######
 Spellforged Servitor     Conj/Summ      #.........   100%        7    #######
 Summon Hydra             Summ           #.........   100%        7    #######


Dungeon Overview and Level Annotations

Branches:
Dungeon (15/15)            Temple (1/1) D:6            Lair (6/6) D:11
 Shoals (4/4) Lair:3       Spider (4/4) Lair:4        Slime (0/5) Lair:6
    Orc (2/2) D:9             Elf (0/3) Orc:2        Vaults (0/5) D:13
 Depths (1/5) D:15

Altars:
Ashenzari
Cheibriados
Dithmenos
Elyvilon
Fedhas
Gozag
Hepliaklqana
Kikubaaqudgha
Makhleb
Nemelex Xobeh
Okawaru
Qazlal
Ru
Sif Muna
Trog
Uskayaw
Vehumet
Wu Jian
Xom
Yredelemnul
Zin
The Shining One
Beogh
Jiyva

Shops:
D:10 [?=!   D:14 *   Orc:2 [(*(   Shoals:4 (

Portals:
Trove: D:15 (give +3 fire dragon scales)

Annotations:
D:3 exclusion: oklob plant


Innate Abilities, Weirdness & Mutations

You are resistant to torment.
Your stone body is resilient. (AC +13)
You are immune to poison.
Your large and strong wings let you fly indefinitely.
You resist negative energy. (rN+)
You are resistant to electric shocks. (rElec)
You can survive without breathing.
You are immune to petrification.
You are immune to rotting.


Message History

The emperor scorpion seems to regain its courage.
The emperor scorpion stings you.
* * * LOW HITPOINT WARNING * * *
The emperor scorpion closely misses you. x2
You closely miss the emperor scorpion. You barely miss the emperor scorpion.
The emperor scorpion closely misses you.
The emperor scorpion completely misses you.
The emperor scorpion misses you.
Blink to where?
Press: ? - help, Dir - move target cursor
Okay, then.
Casting: Confusing Touch (safe; 1% risk of failure)
Confirm with . or Enter, or press ? or * to list all spells.
Okay, then.
You blink.
You feel slightly more hungry.
The orb spider weaves a glowing orb of energy.
An orb of destruction comes into view.
The orb of destruction hits you!!!
You die...

#####^...#...#...
#.##....#....^#..
#......#.........
#^..##...........
##....^####..#.[.
####..#^..##......
#^.#^..#..^#....#.
#.^##.............
#@......#..^.#....
##☼s^^..........#..
#..○.#...#.....####
##.○............# #
##.○........####
###○s....###
##s...## ##..##
**** #≈s..#


You could see 2 emperor scorpions and an orb spider.

Vanquished Creatures
  Bai Suzhen (Shoals:4)
  Arachne (Spider:4)
  Jorgrun (D:15)
  Rupert (D:13)
  A quicksilver dragon (Abyss:2)
  A tentacled starspawn (Abyss:2)
  Polyphemus (Shoals:4)
  A kraken (Shoals:3)
  Kirke (Lair:4)
  Agnes (Spider:4)
  Donald (Orc:2)
  Louise (D:15)
  2 orc warlords (Orc:1)
  3 ghost moths
  An emperor scorpion (Spider:2)
  A very ugly thing (Abyss:2)
  4 dire elephants (Lair:6)
  A minotaur (Gauntlet)
  A red draconian (Volcano)
  5 merfolk javelineers
  6 merfolk impalers
  Josephine (D:14)
  An ogre mage (D:13)
  A fire dragon (D:15)
  Erolcha (D:13)
  6 hydras
  4 vault guards (D:13)
  An ice dragon (D:15)
  2 catoblepae
  3 alligator snapping turtles
  9 two-headed ogres
  3 merfolk avatars
  3 satyrs
  An anaconda (Lair:6)
  3 centaur warriors
  4 merfolk aquamancers
  3 death yaks (Shoals:4)
  Urug (D:10)
  An orc high priest (Orc:2)
  2 deep elf knights (D:15)
  A salamander mystic (Volcano)
  A wretched star (Abyss:2)
  14 sea snakes
  3 unseen horrors
  2 starcursed masses (Abyss:2)
  A lindwurm (Orc:2)
  10 harpies
  11 orb spiders
  19 wolf spiders
  2 worldbinders (Abyss:2)
  13 fauns
  3 deep elf magi
  An orc sorcerer (Orc:2)
  24 ugly things
  5 salamanders (Volcano)
  9 manticores
  11 merfolk sirens
  2 moths of wrath (Spider:3)
  7 cyclopes
  10 elephants
  7 water nymphs
  4 centaur zombies
  2 black mambas
  4 spiny frogs
  A torpor snail (Spider:1)
  A gargoyle (D:11)
  2 rime drakes
  11 komodo dragons
  An efreet (Gauntlet)
  An anaconda simulacrum (Abyss:2)
  A polar bear (Lair:6)
  6 trolls
  12 demonic crawlers
  A harpy zombie (D:13)
  3 meliai (Spider:1)
  22 jumping spiders
  A queen bee (Spider:1)
  3 raiju (Abyss:2)
  5 wind drakes
  9 hornets
  45 merfolk
  3 slime creatures (D:14)
  21 blink frogs
  10 snapping turtles
  15 dream sheep
  12 hippogriffs
  54 redbacks
  13 flying skulls (Gauntlet)
  4 wyverns
  A shadow (D:14)
  23 tarantellas
  8 water elementals
  8 wraiths
  10 yaks
  5 basilisks
  6 fire bats (Volcano)
  3 hogs (Lair:4)
  A hungry ghost (D:10)
  A fire elemental (Gauntlet)
  4 vampire mosquitoes (D:12)
  4 wargs
  Edmund (D:5)
  An acid dragon (D:13)
  A hell hound (Gauntlet)
  10 water moccasins
  9 porcupines
  30 orc warriors
  4 ice beasts
  4 sky beasts
  A black bear (D:8)
  A hornet zombie (D:10)
  A necrophage (D:11)
  16 ogres
  An eye of draining (D:9)
  2 phantoms
  20 wolves
  20 centaurs
  8 crocodiles
  2 big kobolds
  13 bullfrogs
  A gnoll sergeant (D:8)
  3 water moccasin zombies (Ossuary)
  2 scorpions
  A troll zombie (D:11)
  19 killer bees
  4 electric eels
  4 wights (D:8)
  2 howler monkeys
  9 crimson imps
  4 quasits
  2 bullfrog zombies
  5 lava snakes (Volcano)
  4 hounds
  22 orc priests
  6 centaur skeletons
  4 human zombies (D:11)
  A gnoll shaman (D:8)
  4 jellies
  21 orc wizards
  2 bullfrog skeletons
  5 iguanas
  A human skeleton (D:11)
  10 worker ants
  4 big kobold zombies (Ossuary)
  A hound skeleton (D:9)
  4 mummies
  A howler monkey zombie (D:11)
  4 worker ant zombies
  11 gnolls
  A howler monkey skeleton (D:10)
  12 adders
  5 shadow imps
  4 oozes
  2 adder skeletons
  6 adder zombies
  8 worms
  3 dart slugs
  6 leopard geckos
  102 orcs
  8 bats
  4 giant cockroaches
  2 gnoll zombies (Ossuary)
  7 goblins
  7 hobgoblins
  9 jackals
  21 kobolds
  9 quokkas
  2 ball pythons (D:1)
  8 frilled lizards
  8 hobgoblin zombies (Ossuary)
  2 jackal skeletons
  2 kobold zombies (Ossuary)
  A leopard gecko skeleton (D:4)
  5 orc zombies (Ossuary)
  A quokka zombie (D:9)
  10 rats
  10 plants
1154 creatures vanquished.

Vanquished Creatures (others)
  An orc (Orc:2)
  A bush (Lair:6)
  8 fungi
  32 plants
  4 starspawn tentacles (Abyss:2)
  16 toadstools (D:3)
62 creatures vanquished.

Grand Total: 1216 creatures vanquished

Notes
Turn   | Place    | Note
-------+----------+-------------------------------------------
     0 | D:1      | Borgoz the Gargoyle Gladiator began the quest for the Orb.
     0 | D:1      | Reached XP level 1. HP: 12/12 MP: 1/1
    70 | D:1      | Reached XP level 2. HP: 17/17 MP: 2/2
   356 | D:1      | Reached XP level 3. HP: 21/22 MP: 3/3
   733 | D:2      | Reached skill level 1 in Stealth
   869 | D:2      | Reached XP level 4. HP: 21/27 MP: 4/4
   884 | D:2      | Reached skill level 1 in Armour
  1506 | D:3      | Reached XP level 5. HP: 24/32 MP: 5/5
  1609 | D:3      | Found a blossoming altar of Fedhas.
  1632 | D:3      | Noticed an oklob plant
  2335 | D:4      | Noticed an ogre
  2348 | D:4      | Killed an ogre
  2364 | D:4      | Reached XP level 6. HP: 37/37 MP: 6/6
  2855 | D:4      | Found a shattered altar of Ashenzari.
  2872 | D:4      | Became a worshipper of Ashenzari the Shackled
  3375 | D:4      | Noticed a moth of wrath
  3379 | D:4      | Found a bloodstained altar of Trog.
  4143 | D:5      | Entered Level 5 of the Dungeon
  4287 | D:5      | Found an iron altar of Okawaru.
  4327 | D:5      | Reached XP level 7. HP: 41/41 MP: 7/7
  4968 | D:5      | Noticed Edmund
  4995 | D:5      | Killed Edmund
  5253 | D:5      | Reached XP level 8. HP: 23/48 MP: 8/8
  5803 | D:6      | Found a sacrificial altar of Ru.
  5868 | D:6      | Found an opulent altar of Gozag.
  5943 | D:6      | Reached skill level 5 in Short Blades
  6166 | D:6      | Found a staircase to the Ecumenical Temple.
  6286 | Temple   | Entered the Ecumenical Temple
  6642 | D:6      | Noticed a wyvern
  6685 | D:6      | Killed a wyvern
  6957 | D:6      | Reached skill level 5 in Dodging
  7302 | D:7      | Reached XP level 9. HP: 29/52 MP: 9/9
  7481 | D:7      | Found a deep blue altar of Sif Muna.
  7486 | D:7      | Found a hide-covered altar of Uskayaw.
  7498 | D:7      | Found a blossoming altar of Fedhas.
  7501 | D:7      | Found a sparkling altar of Nemelex Xobeh.
  7567 | D:7      | Reached * piety under Ashenzari
  7607 | D:7      | Reached skill level 5 in Fighting
  8091 | D:8      | Reached skill level 5 in Stealth
  8247 | D:8      | Found a sand-covered staircase.
  8251 | Ossuary  | Entered an ossuary
  8985 | D:8      | HP: 2/54 [gnoll/+0 club (3)]
  9484 | D:8      | Reached XP level 10. HP: 34/60 MP: 10/10
  9621 | D:8      | Found a white marble altar of Elyvilon.
  9643 | D:8      | Reached skill level 5 in Armour
 10376 | D:9      | Found an iron altar of Okawaru.
 10393 | D:9      | Found a staircase to the Orcish Mines.
 10515 | D:9      | Reached skill level 5 in Throwing
 10677 | D:9      | Reached skill level 1 in Spellcasting
 10703 | D:9      | Reached skill level 1 in Evocations
 10998 | D:9      | Noticed a green ugly thing
 11041 | D:9      | Killed a green ugly thing
 11241 | D:9      | Found a basalt altar of Yredelemnul.
 11242 | D:9      | Found a hazy altar of Hepliaklqana.
 11242 | D:9      | Found a glowing golden altar of the Shining One.
 11512 | D:10     | Entered Level 10 of the Dungeon
 12125 | D:10     | Found Ymyptan's Distillery.
 12128 | D:10     | Found Vourag's Magic Scroll Emporium.
 12166 | D:10     | Bought a potion of might for 52 gold pieces
 12168 | D:10     | Bought a scroll of identify for 26 gold pieces
 12168 | D:10     | Bought a scroll of identify for 26 gold pieces
 12168 | D:10     | Bought a scroll of teleportation for 39 gold pieces
 12168 | D:10     | Bought a scroll of identify for 26 gold pieces
 12171 | D:10     | Identified 2 scrolls of acquirement
 12231 | D:10     | Found Acimimul's Antique Armour Boutique.
 12368 | D:10     | HP: 2/61 [yak (9)]
 12386 | D:10     | Reached XP level 11. HP: 14/66 MP: 14/14
 13006 | D:10     | Noticed an unseen horror
 13011 | D:10     | Found Tonah's Jewellery Shop.
 13015 | D:10     | Killed an unseen horror
 13038 | D:10     | Identified the +7 short sword of Nenwel {venom, +Rage Dex+4
                  | Stlth+}
 13074 | D:10     | Bought a smoking cloak for 275 gold pieces
 13079 | D:10     | Identified the +2 cloak of Ruebirin {rElec MR+} (You bought
                  | it in a shop on level 10 of the Dungeon)
 13092 | D:10     | Noticed Urug
 13102 | D:10     | Killed Urug
 13342 | D:10     | Reached ** piety under Ashenzari
 13515 | D:10     | Bought an uncursed amulet of guardian spirit for 390 gold
                  | pieces
 13668 | D:11     | Got the uncursed ring mail of the Imp {rF+ SInv Stlth+}
 13679 | D:11     | Identified the +4 ring mail of the Imp {rF+ SInv Stlth+}
                  | (You found it on level 11 of the Dungeon)
 13815 | D:11     | Found a basalt altar of Yredelemnul.
 14026 | D:11     | Noticed a two-headed ogre
 14076 | D:11     | Killed a two-headed ogre
 14436 | D:11     | Found a staircase to the Lair.
 14529 | D:11     | Learned a level 3 spell: Regeneration
 14592 | D:11     | Noticed a two-headed ogre
 14593 | D:11     | Found the +6 shillelagh "Devastator" {shatter}
 14614 | D:11     | Killed a two-headed ogre
 14700 | D:12     | Noticed a seven-headed hydra
 14906 | D:12     | Noticed a cyclops
 14928 | D:12     | Killed a cyclops
 15154 | D:12     | Noticed an unseen horror
 15154 | D:12     | Noticed a cyclops
 15156 | D:12     | Killed a cyclops
 15156 | D:12     | Reached XP level 12. HP: 72/72 MP: 17/17
 15232 | D:12     | Killed a seven-headed hydra
 15721 | D:13     | Noticed a two-headed ogre
 15747 | D:13     | Killed a two-headed ogre
 15762 | D:13     | Reached *** piety under Ashenzari
 15785 | D:13     | Noticed a centaur warrior
 15818 | D:13     | Killed a centaur warrior
 15899 | D:13     | Noticed Erolcha
 15948 | D:13     | Killed Erolcha
 16043 | D:13     | Noticed Rupert
 16123 | D:13     | Killed Rupert
 16376 | D:13     | Found a gate to the Vaults.
 16376 | D:13     | Noticed a vault guard
 16376 | D:13     | Noticed a vault guard
 16376 | D:13     | Noticed a vault guard
 16376 | D:13     | Noticed a vault guard
 16379 | D:13     | Noticed a catoblepas
 16666 | Lair:1   | Entered Level 1 of the Lair of Beasts
 17417 | Lair:2   | Reached XP level 13. HP: 28/79 MP: 8/20
 17739 | Lair:2   | Reached skill level 5 in Spellcasting
 17923 | Lair:2   | Reached skill level 5 in Evocations
 18012 | Lair:2   | Got the uncursed hat of Enoefi {rF+ rN+}
 18023 | Lair:2   | Identified the -5 hat of Enoefi {rF+ rN+} (You found it on
                  | level 2 of the Lair of Beasts)
 18302 | Lair:2   | Reached **** piety under Ashenzari
 19198 | Lair:3   | Reached skill level 10 in Armour
 19529 | Lair:3   | Found a staircase to the Shoals.
 19902 | Lair:4   | Found a hole to the Spider Nest.
 20594 | Lair:4   | Reached ***** piety under Ashenzari
 20699 | Lair:4   | Noticed Kirke
 20715 | Lair:4   | Reached skill level 10 in Dodging
 20723 | Lair:4   | Killed Kirke
 20723 | Lair:4   | Reached skill level 1 in Charms
 20723 | Lair:4   | Reached skill level 1 in Necromancy
 22052 | Lair:5   | Gained mutation: Your large and strong wings let you fly
                  | indefinitely. [Gargoyle growth]
 22052 | Lair:5   | Reached XP level 14. HP: 76/86 MP: 18/21
 22749 | Lair:6   | Entered Level 6 of the Lair of Beasts
 22817 | Lair:6   | Reached skill level 10 in Stealth
 22960 | Lair:6   | Found a viscous altar of Jiyva.
 22961 | Lair:6   | Found a staircase to the Slime Pits.
 23075 | Lair:6   | Reached skill level 10 in Short Blades
 24849 | Lair:6   | Noticed a dire elephant
 24849 | Lair:6   | Noticed a dire elephant
 24850 | Lair:6   | Identified the +0 pair of boots of Greed {Str+7 Dex+2 SInv}
 24850 | Lair:6   | Identified the amulet of Mysticism {RegenMP rPois MP+9
                  | Int+5}
 24889 | Lair:6   | Noticed a dire elephant
 25129 | Lair:6   | Noticed a dire elephant
 25191 | Lair:6   | Killed a dire elephant
 25832 | Lair:6   | HP: 5/130 [dire elephant (17)]
 25898 | Lair:6   | Killed a dire elephant
 26176 | Lair:6   | Noticed a dire elephant
 26202 | Lair:6   | Killed a dire elephant
 26202 | Lair:6   | Reached skill level 10 in Fighting
 26595 | Lair:6   | Noticed a dire elephant
 26615 | Lair:6   | Killed a dire elephant
 26862 | Orc:1    | Entered Level 1 of the Orcish Mines
 27487 | Orc:1    | Noticed an orc warlord
 27518 | Orc:1    | Killed an orc warlord
 27585 | Orc:2    | Entered Level 2 of the Orcish Mines
 27586 | Orc:2    | Found a staircase to the Elven Halls.
 27641 | Orc:2    | Found a gate leading to a gauntlet.
 27663 | Gauntlet | Entered a Gauntlet
 27663 | Gauntlet | Found a transporter.
 27666 | Gauntlet | Found a transporter.
 27667 | Gauntlet | Found a transporter.
 27671 | Gauntlet | Found a transporter.
 27675 | Gauntlet | Found a transporter.
 27675 | Gauntlet | Found a transporter.
 27680 | Gauntlet | Found a transporter.
 27836 | Gauntlet | Got the uncursed hat of Relativism {+Blink rCorr Int+3
                  | Slay+4}
 27847 | Gauntlet | Identified the +2 hat of Relativism {+Blink rCorr Int+3
                  | Slay+4} (You found it in a Gauntlet)
 28042 | Orc:2    | Noticed Donald
 28079 | Orc:2    | Killed Donald
 28124 | Orc:2    | Found a dark tunnel.
 28138 | Volcano  | Entered a volcano
 28180 | Volcano  | Reached XP level 15. HP: 92/92 MP: 22/22
 28335 | Volcano  | Found a radiant altar of Vehumet.
 28416 | Volcano  | Found a burning altar of Makhleb.
 28647 | Orc:2    | Found a roughly hewn altar of Beogh.
 28695 | Orc:2    | Found a roughly hewn altar of Beogh.
 28911 | Orc:2    | Found a roughly hewn altar of Beogh.
 28918 | Orc:2    | Found Osokh's Antique Weapon Boutique.
 28949 | Orc:2    | Bought a glowing short sword for 180 gold pieces
 29102 | Orc:2    | Noticed an orc warlord
 29482 | Orc:1    | Killed an orc warlord
 29755 | Orc:2    | Found a roughly hewn altar of Beogh.
 29803 | Orc:2    | Found Lic Rimo's General Store.
 29963 | Orc:2    | Found Mopon's Antique Armour Shop.
 29973 | Orc:2    | Found Xomuirghe's Antique Weapon Boutique.
 29973 | Orc:2    | Found a roughly hewn altar of Beogh.
 30045 | Orc:2    | Bought an embroidered cloak for 202 gold pieces
 30045 | Orc:2    | Bought a pair of runed gloves for 202 gold pieces
 30601 | Orc:2    | Bought a scroll of teleportation for 42 gold pieces
 30601 | Orc:2    | Bought a scroll of brand weapon for 280 gold pieces
 30901 | D:10     | Bought a potion of haste for 130 gold pieces
 32135 | D:14     | Reached skill level 5 in Charms
 32228 | D:14     | Got the cursed pair of boots of Qutad {rC- Int+3 Slay+3}
 32230 | D:14     | Found Potifuitt's Practical Paraphernalia.
 32265 | D:14     | Noticed Josephine
 32340 | D:14     | Killed Josephine
 32435 | D:14     | Learned a level 2 spell: Blink
 32654 | D:15     | Entered Level 15 of the Dungeon
 32802 | D:15     | Reached skill level 1 in Translocations
 33093 | D:15     | Reached XP level 16. HP: 75/100 MP: 18/23
 33373 | D:15     | Noticed Jorgrun
 33376 | D:15     | Killed Jorgrun
 33412 | D:15     | Noticed Louise
 33438 | D:15     | Cast into level 2 of the Abyss (Louise)
 33576 | Abyss:2  | Noticed a tentacled starspawn
 33576 | Abyss:2  | Noticed a quicksilver dragon
 33600 | Abyss:2  | Killed a quicksilver dragon
 33607 | Abyss:2  | Killed a tentacled starspawn
 33783 | D:15     | Escaped the Abyss
 33818 | D:15     | Killed Louise
 33883 | D:15     | Found a portal to a secret trove of treasure.
 34273 | D:15     | Found a staircase to the Depths.
 34328 | Depths:1 | Entered Level 1 of the Depths
 34561 | Lair:1   | Identified the cursed +2 pair of boots of Qutad {rC- Int+3
                  | Slay+3} (You acquired it on level 14 of the Dungeon)
 34642 | D:10     | Bought a +4 ring of dexterity for 351 gold pieces
 34802 | Shoals:1 | Entered Level 1 of the Shoals
 35008 | Shoals:1 | Reached ****** piety under Ashenzari
 35178 | Shoals:1 | Learned a level 1 spell: Confusing Touch
 35182 | Shoals:1 | Learned a level 3 spell: Confuse
 35841 | Shoals:1 | Reached skill level 1 in Hexes
 36727 | Shoals:2 | Reached XP level 17. HP: 46/106 MP: 13/25
 38475 | Shoals:3 | Noticed a kraken
 38482 | Shoals:3 | Killed a kraken
 38964 | Shoals:4 | Entered Level 4 of the Shoals
 39034 | Shoals:4 | Found Bimaz's Weapon Shop.
 39973 | Shoals:4 | Noticed Polyphemus
 40124 | Shoals:4 | Killed Polyphemus
 40642 | Shoals:4 | Noticed Bai Suzhen
 40663 | Shoals:4 | Killed Bai Suzhen
 41369 | Shoals:4 | Reached XP level 18. HP: 95/113 MP: 24/28
 41925 | Shoals:4 | Got a barnacled rune of Zot
 42349 | Spider:1 | Entered Level 1 of the Spider Nest
 42568 | Spider:1 | Reached skill level 5 in Hexes
 44930 | Spider:4 | Entered Level 4 of the Spider Nest
 44946 | Spider:4 | Noticed Agnes
 45006 | Spider:4 | Noticed Arachne
 45030 | Spider:4 | Killed Arachne
 45185 | Spider:4 | Killed Agnes
 46171 | Spider:4 | Blown up by an orb spider

Skill      XL: |  1  2  3  4  5  6  7  8  9 10 11 12 13 14 15 16 17 18 |
---------------+-------------------------------------------------------+-----
Throwing       | 2 3 4 5 |  5.0
Short Blades   | 3 4 5 6 7 8 9 10 11 12 | 12.7
Stealth        | 1 2 3 4 5 6 7 8 9 10 11 12 13 14 | 14.2
Armour         | 1 2 3 4 5 7 9 10 11 12 13 14 | 14.1
Dodging        | 3 4 5 6 7 8 9 10 11 12 13 | 13.3
Fighting       | 3 4 5 6 7 8 9 10 11 12 13 | 13.4
Spellcasting   | 2 3 4 5 6 7 |  7.0
Evocations     | 2 3 4 5 6 7 8 |  8.8
Charms         | 1 3 5 |  5.0
Necromancy     | 1 3 |  3.0
Translocations | 1 3 |  3.0
Hexes          | 2 4 6 |  6.0

Action                   |  1- 3 |  4- 6 |  7- 9 | 10-12 | 13-15 | 16-18 || total
-------------------------+-------+-------+-------+-------+-------+-------++-------
Melee: Rapier            |   141 |    33 |       |       |       |       ||   174
       Dagger            |       |   519 |   127 |       |       |       ||   646
       Short sword       |       |       |   712 |   599 |  1203 |  2130 ||  4644
       Quick blade       |       |       |       |   834 |  1496 |       ||  2330
Throw: Throwing net      |       |       |     3 |     4 |     1 |       ||     8
 Cast: Regeneration      |       |       |       |       |       |     1 ||     1
       Confusing Touch   |       |       |       |       |       |     7 ||     7
Invok: Curse Item        |       |       |       |       |     3 |     2 ||     5
 Abil: Evoke Berserk Rag |       |       |       |       |     7 |     9 ||    16
       Stop Flying       |       |       |       |       |     2 |       ||     2
       Fly               |       |       |       |       |     1 |     1 ||     2
       Evoke Invisibilit |       |       |       |       |     1 |       ||     1
       Evoke Blink       |       |       |       |       |       |     2 ||     2
Evoke: Wand              |       |       |     5 |     3 |     7 |     5 ||    20
  Use: Scroll            |       |     5 |       |    19 |    19 |     6 ||    49
       Potion            |       |     3 |    10 |     4 |     4 |     4 ||    25
 Stab: Invisible         |       |     5 |     3 |       |     8 |       ||    16
       Sleeping          |       |     7 |     9 |    27 |    47 |    44 ||   134
       Held in net/web   |       |       |     2 |     7 |       |       ||     9
       Distracted        |       |       |       |     2 |     3 |     2 ||     7
       Confused          |       |       |       |       |       |    14 ||    14
       Petrifying        |       |       |       |       |       |     2 ||     2
  Eat: Chunk             |       |    11 |    14 |    22 |    44 |    42 ||   133
       Ration            |       |       |     1 |     1 |     4 |     3 ||     9
Armor: Leather armour    |    52 |   115 |   349 |   191 |       |       ||   707
       Ring mail         |       |       |       |   169 |   757 |   867 ||  1793
Dodge: Dodged            |   104 |   212 |   712 |   582 |  1673 |  2363 ||  5646
